 Dungeon Crawl Stone Soup version 0.25-a0-435-g4b9beb1024 (webtiles) character file.

Game seed: 12817854807787596811, levelgen mode: classic

340 EnegeticOcto the Skirmisher (level 6, -8/52 HPs)
             Began as a Mummy Chaos Knight on Jan 26, 2020.
             Was a Plaything of Xom.
             Killed by divine providence
             ... invoked by an orc priest
              (11 damage)
             ... on level 4 of the Dungeon.
             The game lasted 00:03:26 (3330 turns).

EnegeticOcto the Skirmisher (Mummy Chaos Knight)    Turns: 3330, Time: 00:03:27

Health: -8/52      AC:  4    Str: 15    XL:     6   Next: 30%
Magic:  6/6        EV: 11    Int: 13    God:    Xom [....*.]
Gold:   129        SH:  0    Dex: 12    Spells: 5/5 levels left

rFire    x . .     SeeInvis .   j - +2 short sword (drain)
rCold    + . .     Gourm    .   (no shield)
rNeg     + + +     Faith    .   l - +0 troll leather armour {Purgy}
rPois    ∞         Spirit   .   (no helmet)
rElec    .         Reflect  .   (no cloak)
rCorr    .         Harm     .   (no gloves)
MR       .....                  (no boots)
Stlth    +.........             (no amulet)
HPRegen  0.57/turn              (no ring)
MPRegen  0.10/turn              (no ring)

@: no status effects
A: no food or potions, fire vulnerability, cold resistance 1, negative energy
resistance 3, torment resistance, unbreathing
a: Renounce Religion


You were on level 4 of the Dungeon.
You worshipped Xom.
You were a beloved toy of Xom.
You were not hungry.

You visited 1 branch of the dungeon, and saw 4 of its levels.

You collected 129 gold pieces.

Inventory:

Hand Weapons
 a - a +0 spear of chaos
 i - a +0 trident
 j - a +2 short sword of draining (weapon)
Missiles
 o - 10 poisoned darts (quivered)
Armour
 b - a +2 leather armour
 l - a +0 troll leather armour (worn) {Purgy}
Scrolls
 c - a scroll of amnesia
 d - a scroll of enchant weapon {unknown}
 e - a scroll of blinking {unknown}
 f - 2 scrolls of teleportation {@r3 !r}
 g - a scroll of remove curse {unknown}
 h - 3 scrolls of identify {unknown}
 k - a scroll of enchant armour {unknown}
 m - a scroll of noise {unknown}
 n - a scroll of fear {unknown}


   Skills:
 + Level 6.0 Fighting
 + Level 2.6 Short Blades
 - Level 2.7 Polearms
 - Level 1.5 Armour
 - Level 0.7 Dodging


You had 5 spell levels left.
You didn't know any spells.
Your spell library contained the following spells:

 Spells                   Type           Power        Failure   Level  Hunger
 Animate Skeleton         Necr           N/A          36%         1    N/A
 Apportation              Tloc           #.....       36%         1    N/A
 Corona                   Hex            #......      36%         1    N/A
 Summon Small Mammal      Summ           #...         36%         1    N/A

Dungeon Overview and Level Annotations

Branches:
Dungeon (4/15)
 Temple: D:4-7

Altars:
Cheibriados
Fedhas

Annotations:
D:2 Sigmund
D:3 Grinder
D:4 Blork the orc


Innate Abilities, Weirdness & Mutations

You do not eat or drink.
Your flesh is vulnerable to fire.
You are immune to poison.
Your flesh is cold resistant. (rC+)
You are immune to negative energy. (rN+++)
You are immune to unholy pain and torment.
You can survive without breathing.


Message History

You hit the orc. You drain the orc.
The orc is severely wounded.
Your shadow imp hits the orc.
The orc dies!
You see here a cursed -3 flail.
You swap places.
There is a stone staircase leading up here.
You see here a +0 giant club.
There isn't anything to butcher here.
Your iron imp disappears in a puff of smoke!
Your shadow imp disappears in a puff of smoke!
Your iron imp disappears in a puff of smoke!
Your iron imp disappears in a puff of smoke!
HP restored.
Blork the orc comes into view.
He is wielding a -2 dire flail.
Blork the orc shouts!
Found 22 bolts. "Hum-dee-hum-dee-hum..."
Blork the orc changes into a shapeshifter!
Blork the shapeshifter changes into a fire crab!
You start waiting.
Blork is too close now for your liking.
Okay, then.
Really read
f - 3 scrolls of teleportation {@r3 !r}?
As you read the scroll of teleportation {@r3 !r}, it crumbles to dust.
You feel strangely unstable. Blork bites you but does no damage.
Blork claws you!
You are engulfed in flames!
The fire burns you terribly!
Xom roars with laughter!
Blork closely misses you. Blork misses you.
Your surroundings suddenly seem different.
Found four items.
h - 3 scrolls labeled SAAD WIDIORGH (gained 1)
An orc wizard comes into view. It is wielding a +0 dagger.
An orc wizard is nearby!
You start resting.
The orc wizard is too close now for your liking.
An orc comes into view. It is wielding a +0 hand axe.
The orc wizard gestures wildly while chanting.
The orc wizard blinks!
Xom grants you an implement of some kind.
Something appears at your feet!
An orc comes into view. It is wielding a +0 trident.
The orc wizard closely misses you.
Things that are here:
1110 gold pieces; 16 stones You hit the orc wizard but do no damage.
The orc wizard hits you with a +0 dagger.
An orc priest comes into view. It is wielding a +0 hand axe.
You closely miss the orc wizard.
An orc wizard comes into view. It is wielding a +0 dagger.
The orc wizard misses you.
The orc wizard shouts!
The orc priest shouts!
You hit the orc wizard. You drain the orc wizard.
The orc wizard is almost dead.
The orc wizard casts a spell at you. The magic dart hits you.
You closely miss the orc wizard.
The orc wizard is severely wounded.
The orc wizard hits you but does no damage.
You closely miss the orc wizard.
The orc wizard is severely wounded.
The orc hits you but does no damage.
The orc wizard hits you with a +0 dagger.
You puncture the orc wizard!
You kill the orc wizard!
Your Fighting skill increases to level 6!
The orc priest mumbles some strange prayers to Beogh against you.
Beogh smites you!
The orc wizard mumbles some strange words.
The orc wizard flickers and vanishes!
Deactivating autopickup; reactivate with Ctrl-A.
The orc hits you but does no damage. The orc barely misses you.
You barely miss the orc. The orc hits you with a +0 hand axe.
The orc closely misses you.
You closely miss the orc. The orc hits you with a +0 hand axe.
* * * LOW HITPOINT WARNING * * *
You hit the orc. You drain the orc.
You kill the orc!
You hit the orc priest but do no damage.
You drain the orc priest.
The orc priest is moderately wounded.
The orc priest hits you but does no damage.
The orc hits you but does no damage.
You hit the orc priest. You drain the orc priest.
The orc priest is heavily wounded.
The orc priest completely misses you. Something hits you but does no damage.
The orc hits you from afar with a +0 trident.
* * * LOW HITPOINT WARNING * * *
You closely miss the orc priest.
The orc priest is heavily wounded.
Something hits you but does no damage. The orc priest misses you.
The orc hits you from afar with a +0 trident!
* * * LOW HITPOINT WARNING * * *
As you read the scroll labeled ERPHEF BIWEN, it crumbles to dust.
It is a scroll of amnesia.
You feel forgetful for a moment. Something hits you.
* * * LOW HITPOINT WARNING * * *
The orc priest mumbles some strange prayers to Beogh against you.
Beogh smites you!
You die...

...#.##....
#.......#
#######.##..#
#...........#
#........)#......
#.........#.##.##
#.....o...#.. #
#......o{.##.#
#...!..@..# .#
########### .#


You could see an orc priest and an orc.

Vanquished Creatures
  Purgy (D:3)
  An ogre (D:4)
  2 orc wizards
  An adder (D:3)
  2 oozes (D:2)
  3 worms
  3 leopard geckos
  9 orcs
  3 giant cockroaches
  11 goblins
  8 hobgoblins
  5 jackals (D:1)
  13 kobolds
  A quokka (D:3)
  6 bats
  5 frilled lizards
  9 rats
83 creatures vanquished.

Vanquished Creatures (collateral kills)
  An orc (D:4)
  A kobold (D:1)
  A rat (D:1)
3 creatures vanquished.

Grand Total: 86 creatures vanquished

Notes
Turn   | Place    | Note
-------+----------+-------------------------------------------
     0 | D:1      | EnegeticOcto the Mummy Chaos Knight began the quest for the
                  | Orb.
     0 | D:1      | Reached XP level 1. HP: 18/18 MP: 1/1
    72 | D:1      | XOM: harmless Fire miscast
   160 | D:1      | Reached XP level 2. HP: 24/24 MP: 2/2
   245 | D:1      | XOM: potion effect (haste)
   385 | D:1      | Reached skill level 4 in Fighting
   918 | D:1      | Reached XP level 3. HP: 30/30 MP: 3/3
   949 | D:1      | XOM: harmless Chrm miscast
  1122 | D:2      | XOM: silly message
  1154 | D:2      | XOM: harmless Erth miscast
  1233 | D:2      | Found a snail-covered altar of Cheibriados.
  1513 | D:2      | XOM: harmless Fire miscast
  1525 | D:2      | Noticed Sigmund
  1627 | D:2      | XOM: harmless Summ miscast
  1941 | D:2      | Reached XP level 4. HP: 20/38 MP: 4/4
  2353 | D:3      | Reached skill level 5 in Fighting
  2480 | D:3      | Reached skill level 1 in Short Blades
  2694 | D:3      | Noticed Purgy
  2711 | D:3      | Killed Purgy
  2711 | D:3      | Reached XP level 5. HP: 35/46 MP: 5/5
  2746 | D:3      | Noticed Grinder
  2997 | D:3      | Found a blossoming altar of Fedhas.
  3173 | D:3      | Paralysed by Grinder for 5 turns
  3187 | D:3      | XOM: polymorph Grinder -> Grinder
  3194 | D:3      | Paralysed by Grinder for 3 turns
  3213 | D:4      | Noticed an ogre
  3213 | D:4      | XOM: summons 5 friendly demons
  3219 | D:4      | Killed an ogre
  3219 | D:4      | Reached XP level 6. HP: 20/52 MP: 6/6
  3279 | D:4      | Noticed Blork the orc
  3280 | D:4      | Noticed Blork
  3280 | D:4      | Blork the orc changed into Blork the shapeshifter
  3280 | D:4      | XOM: polymorph Blork the orc -> Blork the shapeshifter
  3280 | D:4      | Noticed Blork
  3280 | D:4      | Blork the shapeshifter changed into Blork the fire crab
  3317 | D:4      | XOM: god gift: 1110 gold pieces
  3323 | D:4      | Reached skill level 6 in Fighting
  3330 | D:4      | Killed from afar by an orc priest

Levels and vault maps discovered:
D:1:      shiori_arrival_oz, layout_basic, chequers_serial_rivers_room_a
D:2:      layout_loops_corners, cheibriados_altar_1, uniq_sigmund
D:3:      layout_loops_cross, nicolae_overflow_crystal_walls, first_ration,
          grunt_ministairs_2, uniq_grinder, uniq_purgy
D:4:      layout_rooms, chequers_temple_overflow_minitemple, serial_shops,
          kennysheep_mini_moat, uniq_blork_the_orc

Skill      XL: |  1  2  3  4  5  6 |
---------------+-------------------+-----
Fighting       | 4 5 6 |  6.0
Short Blades   | 2 |  2.6
Polearms       | |  2.7
Armour         | |  1.5
Dodging        | |  0.7

Action                   |  1- 3 |  4- 6 || total
-------------------------+-------+-------++-------
Melee: Spear             |   166 |    28 ||   194
       Short sword       |       |    96 ||    96
  Use: Scroll            |       |     4 ||     4
 Stab: Sleeping          |     3 |       ||     3
       Petrifying        |     1 |       ||     1
Armor: Leather armour    |    27 |    29 ||    56
       Troll leather arm |       |    12 ||    12
Dodge: Dodged            |    64 |    78 ||   142

Table legend:
 A = Non-vault XP
 B = Vault XP
 C = Vault XP percentage of total XP
 D = Non-vault monster count
 E = Vault monster count
 F = Vault count percentage of total count
                 A         B        C        D         E       F
            +---------+---------+-------+---------+---------+-------
      Total |     344 |     143 |  29.4 |      82 |       4 |   4.7
            +---------+---------+-------+---------+---------+-------
        D:1 |      45 |       2 |   4.3 |      27 |       1 |   3.6
        D:2 |      54 |       0 |   0.0 |      23 |       0 |   0.0
        D:3 |     103 |     141 |  57.8 |      28 |       3 |   9.7
        D:4 |     142 |       0 |   0.0 |       4 |       0 |   0.0
            +---------+---------+-------+---------+---------+-------
